Map: Protocollo centrale

Players

MackoFS - Winner!

  • Race: Protoss Protoss
  • League: Gold

Jhyrachy

  • Race: Zerg Zerg

VOD

Have the link to the VOD?

Description

Time

  • Played on: March 9, 2016, 11:42 a.m.
  • Length: 10:50
Show
View Real Time Build Order
Export as new Build Order

MackoFS Protoss - Winner!

Build Orders:  

Get SALT Encoding   

  12  0:01  Probe (Chrono Boost)  
  13  0:11  Probe (Chrono Boost)  
  14  0:21  Pylon  
  14  0:23  Probe (Chrono Boost)  
  15  0:39  Probe (Chrono Boost)  
  17  0:50  Probe (Chrono Boost)  
  17  1:01  Probe (Chrono Boost)  
  18  1:09  Nexus  
  18  1:12  Probe (Chrono Boost)  
  18  1:16  Assimilator  
  19  1:23  Probe (Chrono Boost)  
  20  1:33  Gateway  
  20  1:38  Forge  
  21  1:40  Probe (Chrono Boost)  
  21  1:55  Probe (Chrono Boost)  
  22  2:06  Probe (Chrono Boost)  
  22  2:07  Assimilator  
  23  2:20  Probe (Chrono Boost)  
  24  2:27  Pylon  
  24  2:28  Pylon  
  24  2:31  Pylon, Zealot (Chrono Boost)  
  24  2:32  Pylon  
  24  2:34  Protoss Ground Weapons Level 1  
  25  2:38  Probe (Chrono Boost)  
  25  2:41  Probe (Chrono Boost)  
  27  2:47  Probe (Chrono Boost)  
  28  2:57  Cybernetics Core  
  28  3:00  Probe (Chrono Boost)  
  28  3:01  Probe (Chrono Boost)  
  30  3:12  Probe (Chrono Boost)  
  31  3:13  Probe (Chrono Boost)  
  32  3:22  Probe (Chrono Boost)  
  32  3:23  Probe (Chrono Boost)  
  36  3:36  Photon Cannon, Warp Gate  
  36  3:38  Stalker (Chrono Boost)  
  36  3:39  Probe (Chrono Boost)  
  37  3:41  Probe  
  38  3:50  Probe  
  38  3:53  Probe  
  40  4:00  Probe  
  41  4:05  Probe  
  41  4:09  Stalker (Chrono Boost)  
  44  4:10  Mothership Core  
  44  4:15  Twilight Council  
  46  4:17  Probe  
  46  4:20  Assimilator  
  46  4:24  Assimilator  
  47  4:29  Probe (Chrono Boost), Gateway  
  47  4:30  Gateway  
  48  4:34  Probe (Chrono Boost)  
  49  4:42  Probe (Chrono Boost)  
  51  4:45  Probe (Chrono Boost)  
  51  4:52  Probe (Chrono Boost)  
  52  4:54  Blink (Chrono Boost)  
  52  5:02  Gateway  
  52  5:06  Robotics Facility  
  52  5:29  Protoss Shields Level 1  
  52  5:39  Sentry, Stalker x2  
  58  5:49  Gateway  
  58  5:52  Gateway  
  58  5:54  Observer  
  59  6:06  Stalker  
  59  6:07  Stalker x2  
  59  6:10  Stalker  
  67  6:19  Warp Prism  
  69  6:29  Templar Archives  
  69  6:33  Dark Shrine, Pylon  
  69  6:35  Pylon  
  69  6:36  Stargate  
  69  6:58  Pylon  
  69  6:59  Pylon  
  69  7:03  Stalker  
  69  7:04  Stalker x2  
  69  7:05  Stalker x2  
  69  7:08  Sentry  
  73  7:33  Stalker x2  
  73  7:34  Stalker x2  
  73  7:35  Stalker  
  71  7:43  Zealot  
  49  7:58  Zealot x3  
  53  7:59  Zealot x2  
  57  8:09  Stalker  
  57  8:19  Stalker  
  57  8:20  Stalker x4  
  65  8:34  Phoenix  
  65  8:41  Immortal  
  71  8:43  Protoss Ground Weapons Level 2 (Chrono Boost)  
  71  9:01  Dark Templar  
  73  9:06  Adept x4  
  81  9:20  Observer  
  81  9:22  Dark Templar  
  84  9:43  Dark Templar  
  84  9:44  Dark Templar  
  82  10:00  Stalker x3  
  82  10:02  Stalker  
  82  10:27  Stalker x2  
  82  10:28  Stalker  
  86  10:29  Stalker x3  
Show
View Real Time Build Order
Export as new Build Order

Jhyrachy Zerg 

Build Orders: Hatch First, Roach Nydus 

Get SALT Encoding   

  12  0:02  Drone  
  13  0:10  Drone  
  14  0:18  Overlord  
  14  0:38  Drone x3  
  18  0:57  Drone  
  18  1:01  Hatchery  
  17  1:11  Spawning Pool  
  17  1:14  Drone  
  17  1:23  Drone  
  18  1:34  Extractor  
  17  1:54  Drone x3  
  20  2:04  Queen  
  22  2:11  Overlord  
  22  2:13  Queen  
  22  2:15  Zergling x2  
  25  2:34  Roach Warren  
  25  2:35  Drone  
  25  2:41  Drone x4  
  29  3:06  Lair, Extractor  
  29  3:07  Drone x2  
  29  3:08  Drone  
  29  3:09  Drone  
  29  3:11  Drone  
  29  3:12  Drone  
  34  3:17  Queen  
  35  4:08  Overlord x4  
  35  4:25  Queen  
  35  4:29  Overseer  
  37  4:43  Nydus Network, Roach  
  37  4:44  Roach x8  
  54  5:16  Queen  
  54  5:19  Roach x6  
  68  5:29  Overlord  
  68  5:30  Overlord  
  68  5:46  Overlord x2  
  68  5:47  Overlord, Queen  
  70  6:10  Roach  
  70  6:11  Roach x8  
  88  7:03  Nydus Canal  
  62  7:55  Roach x12  
  56  8:29  Zergling x2  
  56  8:33  Drone x5  
  62  8:58  Hatchery  
  61  9:03  Extractor  
  61  9:06  Extractor  
  59  9:10  Spire  
  56  9:21  Overseer x2  
  35  10:13  Queen  
Tags
 
Add a new tag
Caveats
  • Supply blocks, unpowered buildings, or Contaminate may cause inaccurate times.
  • Supply counts are checked every 10 seconds.